 Seeded DCSS version 0.28-a0-172-g787e458d71 (webtiles) character file.

Game seed: 6030584669818771476 (custom seed)

101 Phlounder the Magician (level 5, -3/37 HPs)
             Began as a Djinni Conjurer on Aug 16, 2021.
             Slain by Grinder (4 damage)
             ... on level 3 of the Dungeon.
             The game lasted 00:05:23 (2718 turns).

Phlounder the Magician (Djinni Conjurer)            Turns: 2718, Time: 00:05:24

Health: -3/37      AC:  3    Str:  6    XL:     5   Next: 4%
Gold:   66         EV: 12    Int: 20    God:
                   SH:  0    Dex: 12

rFire   + + .      SeeInvis .   c - +0 dagger
rCold   x . .      Faith    .   (no shield)
rNeg    . . .      Spirit   .   a - +0 robe
rPois   ∞          Reflect  .   k - +0 helmet
rElec   .          Harm     .   (no cloak)
rCorr   .          Rampage  .   (no gloves)
Will    .....                   (boots unavailable)
Stlth   ++........              (no amulet)
HPRegen 0.12/turn               (no ring)
MPRegen 0.00/turn               (no ring)

@: flying, hasted, very quick
A: sickness immunity, fire resistance 2, cold vulnerability 1, float, innate
caster, hp casting, extra vitality 1
a: no special abilities


You were on level 3 of the Dungeon.
You visited 1 branch of the dungeon, and saw 3 of its levels.

You collected 66 gold pieces.

Inventory:

Hand Weapons
 c - a +0 dagger (weapon)
Missiles
 b - 6 javelins
 f - 144 stones
Armour
 a - a +0 robe (worn)
 k - a +0 helmet (worn)
Scrolls
 d - 2 scrolls of fog {unknown}
 g - 4 scrolls of teleportation {unknown}
 h - 3 scrolls of immolation {unknown}
 i - a scroll of enchant armour {unknown}
 j - a scroll of identify {unknown}
 m - a scroll of vulnerability {unknown}
 o - a scroll of blinking {unknown}
Potions
 e - a potion of degeneration {unknown}
 n - a potion of might {unknown}


   Skills:
 * Level 1.3 Fighting
 * Level 1.1 Armour
 * Level 2.5 Dodging
 + Level 1.7 Stealth
 * Level 4.2 Spellcasting


You couldn't memorise any spells.
You knew the following spells:

 Your Spells              Type           Power      Damage    Failure   Level
a - Magic Dart            Conj           84%        1d7       2%          1
b - Searing Ray           Conj           42%        3d4       3%          2
c - Dazzling Flash        Conj/Hex       42%        N/A       7%          3
d - Fulminant Prism       Conj/Hex       10%        3d9       22%         4
e - Iskenderun's Mystic   Conj/Tloc      21%        2d6       22%         4
f - Sting                 Tmut/Pois      84%        1d7       2%          1
g - Slow                  Hex            21%        N/A       3%          2
Your spell library was empty.

Dungeon Overview and Level Annotations

Branches:
Dungeon (2/15)

Altars:
Wu Jian

Shops:
D:2 (

Annotations:
D:3 Grinder


Innate Abilities, Weirdness & Mutations

You are immune to sickness and miasma.
You are immune to poison.
Your flesh is very heat resistant. (rF++)
You are vulnerable to cold. (rC-)
You float through the air rather than walking.
You learn spells naturally, not from books.
Your magical power is your life essence.
You have superior vitality. (+4 HP)


Message History

The hobgoblin is moderately wounded.
The hobgoblin shouts!
You hear a shout! x2
An endoplasm comes into view.
The magic dart hits the hobgoblin.
You kill the hobgoblin!
Casting: Magic Dart (safe; 2% risk of failure)
Confirm with . or Enter, or press ? or * to list all spells.
Aiming: Searing Ray (safe; 3% risk of failure)
Press: ? - help, Shift-Dir - straight line, f - endoplasm
Aim: an endoplasm (98% to hit)
The searing ray hits the endoplasm!
You kill the endoplasm! (Press . to maintain the ray.)
A kobold comes into view. It is wielding a +0 whip.
Grinder comes into view.
The magic dart hits Grinder.
Grinder is lightly wounded.
Grinder shouts!
Casting: Magic Dart (safe; 2% risk of failure)
Confirm with . or Enter, or press ? or * to list all spells.
Aiming: Searing Ray (safe; 3% risk of failure)
Press: ? - help, Shift-Dir - straight line, f/p - Grinder
Aim: Grinder (lightly wounded, 75% to hit)
The searing ray hits Grinder!
Grinder is moderately wounded. (Press . to maintain the ray.) Grinder gestures at you.
Pain shoots through your body!
The searing ray misses Grinder.
The searing ray hits Grinder!
Grinder is heavily wounded.
The searing ray hits Grinder.
Grinder is severely wounded.
* * * LOW HITPOINT WARNING * * *
You finish channeling your searing ray.
Grinder hits you!
* * * LOW HITPOINT WARNING * * *
You writhe in agony.
* * * LOW HITPOINT WARNING * * *
It was a potion of haste.
You feel yourself speed up. Grinder hits you.
You die...

# ...... # .... #
.... # ... # .†##
#.#### #K. #.....
# #5###.# #...[.
#.#@†...# #.....
#.#.#####..#
#..#..
#..........#
#..#..
.#######.######.#
#..#..
...........#
#..#..
########.#.#
#..#.. #.#.#
#..#.. #.# .
#..#.. #.# ##
#..#..


You could see Grinder and a kobold.

Vanquished Creatures
  Natasha (D:3)
  Robin (D:2)
  2 worms
  A dart slug (D:2)
  5 ball pythons
  2 bats (D:1)
  4 endoplasms
  2 giant cockroaches
  12 goblins
  8 hobgoblins
  4 quokkas
  4 frilled lizards (D:1)
  3 kobolds
  4 rats (D:1)
53 creatures vanquished.

Notes
Turn   | Place    | Note
-------+----------+-------------------------------------------
     0 | D:1      | Phlounder the Djinni Conjurer began the quest for the Orb.
     0 | D:1      | Reached XP level 1. HP: 15/15 MP: 0/0
   230 | D:1      | Found a faded altar of an unknown god.
   252 | D:1      | Reached XP level 2. HP: 20/21 MP: 0/0
   899 | D:1      | Reached XP level 3. HP: 25/26 MP: 0/0
   899 | D:1      | Learned a level 1 spell: Sting
  1732 | D:2      | Found Sostoapt's Weapon Boutique.
  1754 | D:2      | Reached skill level 1 in Armour
  1969 | D:2      | Reached skill level 1 in Fighting
  1974 | D:2      | Reached XP level 4. HP: 26/32 MP: 0/0
  1976 | D:2      | Noticed Robin
  1983 | D:2      | Killed Robin
  2267 | D:2      | Reached skill level 4 in Spellcasting
  2423 | D:2      | You are sucked into a shaft and drop 1 floor!
  2494 | D:3      | Found an ornate altar of the Wu Jian Council.
  2668 | D:3      | Noticed Natasha
  2671 | D:3      | Killed Natasha
  2672 | D:3      | Reached XP level 5. HP: 24/37 MP: 0/0
  2672 | D:3      | Learned a level 2 spell: Slow
  2712 | D:3      | Noticed Grinder
  2717 | D:3      | HP: 1/37 [Grinder (3)]
  2718 | D:3      | Slain by Grinder

Illustrated notes

Levels and vault maps discovered:
D:1:      heliophobic_arrival_battle_scene, layout_loops_ring,
          ebering_ecumenical_altar_mist, kennysheep_pointless_box
D:2:      layout_loops_ring, serial_shops, shop, uniq_robin
D:3:      layout_basic, general_overflow_altar, mainiacjoe_overflow_chevrons,
          kennysheep_path_1, minmay_quadrilaterals, uniq_natasha, uniq_jessica,
          uniq_grinder

Skill      XL: |  1  2  3  4 |
---------------+-------------+-----
Armour         | 1 |  1.1
Fighting       | 1 |  1.3
Spellcasting   | 4 |  4.2
Dodging        | |  2.5
Stealth        | |  1.7

Action                   |  1- 3 |  4- 6 || total
-------------------------+-------+-------++-------
Melee: Dagger            |     3 |       ||     3
 Cast: Magic Dart        |    64 |    24 ||    88
       Searing Ray       |     4 |     5 ||     9
  Use: Potion            |       |     1 ||     1
 Stab: Sleeping          |     1 |       ||     1
Armor: Robe              |     3 |       ||     3
Dodge: Dodged            |     3 |     2 ||     5

Table legend: (Time is in decaauts)
 A = Elapsed time spent in this place.
 B = Non-inter-level travel time spent in this place.
 C = Inter-level travel time spent in this place.
 D = Time resting spent in this place.
 E = Time spent auto-exploring this place.
 F = Levels seen in this place.
 G = Mean time per level.
                   A        B        C        D        E       F      G
               +--------+--------+--------+--------+--------+-----+--------+
         Total |   2716 |   2620 |     96 |    142 |   2246 |   3 |  905.3 |
       Dungeon |   2716 |   2620 |     96 |    142 |   2246 |   3 |  905.3 |
               +--------+--------+--------+--------+--------+-----+--------+

Top non-repeatable levels by time:
     D:1: 1338 daAuts
     D:2: 1083 daAuts
     D:3: 294 daAuts
